 Dungeon Crawl Stone Soup version 0.18.1-5-g4a78601 (webtiles) character file.

338 theY the Shield-Bearer (level 6, -12/55 HPs)
             Began as a Hill Orc Fighter on May 12, 2016.
             Was an Initiate of Beogh.
             Mangled by an orc warrior
             ... wielding a +0 halberd
              (20 damage)
             ... on level 6 of the Dungeon on May 13, 2016.
             The game lasted 00:06:20 (2304 turns).

theY the Shield-Bearer (Hill Orc Fighter)           Turns: 2304, Time: 00:06:21

Health: -12/55     AC:  8    Str: 20    XL:     6   Next: 55%
Magic:  6/6        EV:  8    Int:  8    God:    Beogh [......]
Gold:   177        SH: 10    Dex: 11    Spells: 0 memorised, 5 levels left

rFire  . . .     SeeInvis .     a - +0 war axe
rCold  + . .     Gourm    .     b - +0 scale mail
rNeg   . . .     Faith    .     c - +0 shield
rPois  .         Spirit   .     (no helmet)
rElec  .         Dismiss  .     j - +0 cloak
rCorr  .         Reflect  .     (no gloves)
SustAt .         Harm     .     (no boots)
MR     .....                    (no amulet)
Stlth  ..........               (no ring)
                                (no ring)

@: exhausted, slowed, very slow, not resistant to hostile enchantments,
extremely unstealthy
A: cold resistance 1
a: Renounce Religion


You were on level 6 of the Dungeon.
You worshipped Beogh.
Beogh was noncommittal.
You were very hungry.

You visited 1 branch of the dungeon, and saw 5 of its levels.

You collected 177 gold pieces.

Inventory:

Hand Weapons
 a - a +0 war axe (weapon)
Armour
 b - a +0 scale mail (worn)
 c - a +0 shield (worn)
 h - a +0 leather armour of magic resistance
 j - a +0 cloak (worn)
 u - a +2 buckler
Jewellery
 n - an uncursed amulet of dismissal {unknown}
Scrolls
 k - a scroll of remove curse
 m - a scroll of identify
 o - a scroll of recharging {unknown}
 r - a scroll of acquirement {unknown}
 s - a scroll of enchant weapon {unknown}
Potions
 d - a potion of degeneration {unknown}
 e - a potion of cure mutation
 p - a potion of haste
 q - a potion of agility {unknown}
 t - a potion of lignification
Comestibles
 f - 6 bread rations
 g - 2 slices of pizza
 i - 2 meat rations
 v - a chunk of flesh


   Skills:
 + Level 4.8 Fighting
 + Level 4.5 Axes
 + Level 4.2 Armour
 + Level 2.1 Dodging
 + Level 0.1 Stealth
 + Level 4.8 Shields


You had 5 spell levels left.
You didn't know any spells.

Dungeon Overview and Level Annotations

Branches:
Dungeon (6/15)
 Temple: D:4-7

Altars:
Makhleb
The Shining One


Innate Abilities, Weirdness & Mutations

Your flesh is cold resistant.


Message History

A worker ant comes into view.
The worker ant twitches its antennae in your direction.
The orc wizard mumbles some strange words.
The orc wizard blinks!
The hound barely misses you. You block the hound's attack.
The orc wizard gestures wildly while chanting.
The orc wizard seems to speed up.
The hound bites you.
* * * LOW HITPOINT WARNING * * *
The orc wizard casts a spell.
The orc wizard blinks!
The hound bites you.
* * * LOW HITPOINT WARNING * * *
You block the hound's attack. The worker ant barely misses you.
The sky beast flickers out of sight!
Deactivating autopickup; reactivate with Ctrl-A.
The hound bites you but does no damage. The hound bites you but does no damage.
The orc warrior hits you from afar with a halberd!!
You die...
Beogh appreciates the orc warrior's killing of a heretic priest.

...#......##..##
...............###
_..+........##...#
...#.......#####.#
.(.##......# #.#
+.##.......# #.#
....#....#.# #.#
...........# #.#
.......#....####@##
...............ha.##
######...##..o....#
##...#..#######
#......## #.##...#
#..#.### #).....#
.###......#


You could see an orc warrior, a hound and a worker ant.

Vanquished Creatures
  An ogre (D:5)
  An ice beast (D:5)
  A quasit (D:6)
  An orc wizard (D:5)
  A worker ant (D:5)
  A howler monkey zombie (D:5)
  An adder (D:2)
  2 oozes
  An adder skeleton (D:5)
  A worm (D:2)
  3 dart slugs (D:3)
  A giant gecko (D:2)
  3 orcs
  2 ball pythons
  2 giant cockroaches
  3 goblins (D:1)
  8 hobgoblins
  2 jackals (D:2)
  3 kobolds
  A quokka (D:5)
  A bat (D:2)
  4 giant newts
  5 hobgoblin zombies (D:6)
  A jackal skeleton (D:6)
  A kobold skeleton (D:6)
  A kobold zombie (D:6)
  7 rats
59 creatures vanquished.

Vanquished Creatures (others)
  An orc priest (D:5)
  An orc (D:5)
2 creatures vanquished.

Grand Total: 61 creatures vanquished

Notes
Turn   | Place    | Note
--------------------------------------------------------------
     0 | D:1      | theY the Hill Orc Fighter began the quest for the Orb.
     0 | D:1      | Reached XP level 1. HP: 19/19 MP: 1/1
    90 | D:1      | Reached XP level 2. HP: 25/27 MP: 2/2
   611 | D:2      | Reached XP level 3. HP: 33/33 MP: 3/3
   903 | D:2      | Found a burning altar of Makhleb.
   956 | D:2      | Gained mutation: Your flesh is cold resistant. [potion of beneficial mutation]
  1135 | D:3      | Reached XP level 4. HP: 40/41 MP: 4/4
  1366 | D:3      | You fall through a shaft for 3 floors!
  1366 | D:6      | Noticed an orc warrior
  1366 | D:6      | Noticed a sky beast
  1381 | D:6      | Found a glowing golden altar of the Shining One.
  1405 | D:6      | Reached skill level 1 in Dodging
  1467 | D:5      | Entered Level 5 of the Dungeon
  1543 | D:5      | Noticed an ice beast
  1554 | D:5      | Killed an ice beast
  1554 | D:5      | Reached XP level 5. HP: 36/47 MP: 5/5
  1605 | D:5      | Became a worshipper of Beogh the Brigand
  1631 | D:5      | Reached XP level 6. HP: 28/53 MP: 6/6
  2304 | D:6      | Mangled by an orc warrior

Skill      XL: |  1  2  3  4  5  6 |
---------------+-------------------+-----
Axes           | 3 4 |  4.5
Fighting       | 4 |  4.8
Shields        | 4 |  4.8
Dodging        | 1 2 |  2.1
Armour         | 4 |  4.2
Stealth        | |  0.1

Action                   |  1- 3 |  4- 6 || total
-------------------------+-------+-------++-------
Melee: War axe           |   106 |   101 ||   207
  Use: Scroll            |     5 |     3 ||     8
       Potion            |     1 |     4 ||     5
  Eat: Chunk             |     1 |     2 ||     3
       Beef jerky        |       |     1 ||     1
Armor: Scale mail        |    59 |    51 ||   110
       Skin              |       |    24 ||    24
Dodge: Dodged            |    40 |    36 ||    76
Block: Shield            |    74 |    65 ||   139
